Map: Abyssal Reef LE

Players

GusPrime - Winner!

  • Race: Terran Terran
  • League: Master
  • Spawn Location: 5:00

HatsuneMiku

  • Race: Terran Terran
  • League: Master
  • Spawn Location: 11:00

VOD

Have the link to the VOD?

Description

Time

  • Played on: Dec. 5, 2017, 6:52 p.m.
  • Length: 7:01
Show
View Real Time Build Order
Export as new Build Order

GusPrime Terran - Winner!

Build Orders: Reaper Expand, MMM Bio 

Get SALT Encoding   

  12  0:00  SCV  
  13  0:13  SCV  
  14  0:17  Supply Depot  
  14  0:25  SCV  
  15  0:39  SCV  
  15  0:40  Barracks  
  16  0:44  Refinery  
  16  0:51  SCV  
  17  1:03  SCV  
  18  1:17  SCV  
  19  1:29  Orbital Command  
  19  1:30  Reaper  
  20  1:51  Command Center  
  20  1:57  SCV  
  21  2:03  Supply Depot  
  21  2:04  Barracks Reactor  
  21  2:09  SCV  
  21  2:14  Barracks  
  22  2:25  SCV  
  22  2:27  Bunker  
  23  2:37  SCV  
  23  2:41  Marine x2  
  26  2:46  Factory  
  26  2:48  Refinery  
  26  2:52  SCV  
  27  3:01  Marine x2  
  27  3:03  Barracks Tech Lab  
  29  3:08  SCV  
  29  3:10  Orbital Command  
  30  3:20  SCV  
  30  3:24  Marine x2  
  30  3:25  Stimpack  
  33  3:32  SCV, Starport  
  34  3:36  SCV  
  34  3:40  Supply Depot  
  35  3:42  Factory Reactor  
  35  3:43  Marine  
  35  3:46  SCV  
  37  3:48  Marine  
  37  3:49  Marine  
  37  3:52  SCV  
  37  3:54  Refinery  
  40  4:00  SCV  
  41  4:04  Marine  
  41  4:05  SCV  
  43  4:10  Supply Depot  
  43  4:12  SCV  
  43  4:17  Engineering Bay  
  44  4:23  Medivac  
  44  4:24  Medivac  
  48  4:25  Marine x2  
  48  4:28  SCV  
  48  4:30  Factory Tech Lab, Supply Depot  
  51  4:38  Barracks  
  51  4:40  Marine  
  51  4:42  SCV x2  
  51  4:43  Marine  
  55  4:54  SCV x2  
  57  5:07  Marine x3  
  57  5:09  SCV  
  57  5:11  Command Center  
  57  5:12  SCV  
  57  5:13  Medivac  
  64  5:17  Supply Depot  
  67  5:28  Siege Tank  
  67  5:29  Barracks Reactor  
  67  5:30  Combat Shields  
  67  5:33  Supply Depot  
  67  5:46  Marine x3  
  67  5:47  Medivac  
  71  5:53  SCV x2  
  73  6:03  Marine  
  74  6:11  Marine x4  
  69  6:21  Marine, Siege Tank, Medivac x2  
  77  6:26  Orbital Command  
  77  6:29  Marine  
  76  6:34  Marine x3  
  76  6:39  Marine, Barracks  
  80  6:46  Barracks  
  80  6:48  SCV x2  
Show
View Real Time Build Order
Export as new Build Order

HatsuneMiku Terran 

Build Orders: 1/1/1 

Get SALT Encoding   

  12  0:00  SCV  
  13  0:13  SCV  
  14  0:18  Supply Depot  
  14  0:25  SCV  
  15  0:30  Refinery  
  15  0:39  SCV  
  16  0:46  Barracks  
  16  0:52  SCV  
  17  1:04  SCV  
  18  1:16  SCV  
  19  1:33  Orbital Command  
  19  1:34  Marine  
  20  1:40  Supply Depot  
  20  1:42  Factory  
  20  1:47  Refinery  
  20  1:51  Marine  
  21  1:59  SCV  
  22  2:09  Marine  
  22  2:11  SCV  
  24  2:23  SCV  
  24  2:26  Factory Tech Lab  
  24  2:28  Starport  
  24  2:29  Marine  
  26  2:39  SCV  
  27  2:48  Marine, Supply Depot  
  28  2:51  SCV  
  28  2:55  Factory Tech Lab  
  29  3:03  SCV  
  30  3:07  Marine  
  30  3:10  Command Center, Raven  
  33  3:19  Siege Tank, SCV  
  37  3:31  SCV  
  37  3:32  Supply Depot  
  38  3:43  SCV  
  39  3:54  Viking  
  39  3:55  SCV  
  42  3:56  Siege Tank  
  45  4:07  SCV  
  46  4:19  Command Center, SCV  
  47  4:31  SCV  
  47  4:33  Viking  
  50  4:42  Orbital Command  
  50  4:43  SCV  
  51  4:55  SCV  
  51  4:57  Siege Tank  
  55  5:02  Barracks Reactor  
  55  5:04  Viking  
  57  5:07  SCV  
  57  5:08  Supply Depot  
  57  5:09  SCV  
  59  5:17  Refinery  
  59  5:19  Refinery  
  59  5:20  SCV  
  60  5:21  SCV  
  61  5:32  Siege Tank, SCV  
  61  5:35  Orbital Command  
  65  5:40  SCV, Engineering Bay  
  66  5:44  SCV  
  67  5:52  SCV  
Tags
 
Composition
MMM Bio
Matchup
TvT
Race
Terran
Spawn Locations
Cross Positions
Add a new tag
Caveats
  • Supply blocks, unpowered buildings, or Contaminate may cause inaccurate times.
  • Supply counts are checked every 10 seconds.